 Dungeon Crawl Stone Soup version 0.28.0-45-g0d030f2227 (webtiles) character file.

Game seed: 3081186255842978664

100 zorge82 the Ruffian (level 4, -2/40 HPs)
             Began as a Ghoul Monk on Apr 18, 2022.
             Slain by Dowan
             ... wielding a +0 dagger
              (5 damage)
             ... on level 4 of the Dungeon.
             The game lasted 00:10:25 (2219 turns).

zorge82 the Ruffian (Ghoul Monk)                    Turns: 2219, Time: 00:10:38

Health: -2/40      AC:  6    Str: 16    XL:     4   Next: 74%
Magic:  3/3        EV: 11    Int:  5    God:
Gold:   138        SH:  0    Dex: 11    Spells: 3/3 levels left

rFire   . . .      SeeInvis .     - Unarmed
rCold   + . .      Faith    .   (no shield)
rNeg    + + +      Spirit   .   i - +0 ring mail
rPois   ∞          Reflect  .   (no helmet)
rElec   .          Harm     .   (no cloak)
rCorr   .          Rampage  .   (no gloves)
Will    .....                   m - +0 pair of boots
Stlth   +.........              (no amulet)
HPRegen 0.00/turn               (no ring)
MPRegen 0.08/turn               (no ring)

@: inhibited regen
A: claws 1, cold resistance 1, negative energy resistance 3, inhibited
regeneration, torment resistance 2
a: no special abilities


You were on level 4 of the Dungeon.
You visited 1 branch of the dungeon, and saw 4 of its levels.

You collected 138 gold pieces.

Inventory:

Missiles
 b - 5 poisoned darts (quivered)
Armour
 f - a +0 chain mail
 i - a +0 ring mail (worn)
 j - the +0 pair of boots of Verdant Tender Moments {rF- rN+++ rCorr Str-2}
   (You found it on level 2 of the Dungeon)

   Str:       It affects your strength (-2).
   rF:        It makes you vulnerable to fire.
   rN:        It renders you almost immune to negative energy.
   rCorr:     It protects you from acid and corrosion.
 m - a +0 pair of boots (worn)
Wands
 l - a wand of flame (8)
Scrolls
 h - a scroll of identify {unknown}
 p - a scroll of holy word {unknown}
Potions
 a - 3 potions of heal wounds {unknown}
 d - a potion of haste {unknown}
 e - a potion of degeneration {unknown}
 g - a potion of berserk rage {unknown}
 k - 2 potions of brilliance {unknown}
 n - 2 potions of attraction {unknown}
 o - a potion of resistance


   Skills:
 + Level 3.7 Fighting
 + Level 1.2 Armour
 + Level 3.1 Dodging
 - Level 2.1 Stealth
 * Level 4.8 Unarmed Combat


You had 3 spell levels left.
You didn't know any spells.
Your spell library was empty.

Dungeon Overview and Level Annotations

Branches:
Dungeon (4/15)
 Temple: D:4-7

Altars:

Annotations:
D:4 Dowan, Duvessa


Innate Abilities, Weirdness & Mutations

You thrive by killing the living.
You are immune to poison.
You have sharp fingernails.
Your flesh is cold resistant. (rC+)
You are immune to negative energy. (rN+++)
You do not regenerate when monsters are visible.
You are immune to unholy pain and torment.


Message History

Dowan casts a spell at Duvessa.
Duvessa seems to speed up.
Duvessa hits you but does no damage.
You scratch Duvessa but do no damage.
Duvessa is moderately wounded.
Duvessa hits you with a +0 short sword.
Dowan drinks a potion.
Dowan suddenly seems more resistant.
You barely miss Duvessa.
Duvessa is moderately wounded.
Duvessa hits you but does no damage. Duvessa barely misses you.
You scratch Duvessa but do no damage.
Duvessa is moderately wounded.
Duvessa hits you but does no damage.
You scratch Duvessa.
Duvessa is moderately wounded.
Duvessa says, "When magic and the sword combine, nothing stands against them."
Duvessa hits you but does no damage.
You scratch Duvessa.
Duvessa is heavily wounded.
Duvessa closely misses you.
Dowan casts a spell.
Dowan blinks!
You barely miss Duvessa.
Duvessa is heavily wounded.
Duvessa barely misses you. x2
You barely miss Duvessa.
Duvessa is heavily wounded.
Dowan says, "Magic and the sword, together, will defeat you."
Dowan hits you with a +0 dagger. Duvessa hits you with a +0 short sword.
You scratch Duvessa but do no damage.
Duvessa is heavily wounded.
Duvessa closely misses you. Dowan hits you with a +0 dagger.
Really read the scroll of immolation?
As you read the scroll of immolation, it crumbles to dust.
The creatures around you are filled with an inner flame!
Duvessa hits you with a +0 short sword!
* * * LOW HITPOINT WARNING * * *
Duvessa hits you with a +0 short sword.
* * * LOW HITPOINT WARNING * * *
Dowan hits you with a +0 dagger.
You die...

..# ..# #.##
#####..#
##..##..#
#.......##
#........#
#....e@..#
#.<...e..#
#.........#
#.........#
#...........#
#..........:..
#.............
#.........#..#
##..........##


You could see Duvessa (fast, inner flame) and Dowan (inner flame, resistant).

Vanquished Creatures
  A hound (D:3)
  An adder (D:2)
  A worm (D:3)
  A dart slug (D:2)
  6 bats
  4 endoplasms
  4 giant cockroaches
  3 goblins
  6 hobgoblins
  4 jackals (D:1)
  7 kobolds
  A quokka (D:1)
  5 ball pythons
  3 frilled lizards
  6 rats
53 creatures vanquished.

Notes
Turn   | Place    | Note
-------+----------+-------------------------------------------
     0 | D:1      | zorge82 the Ghoul Monk began the quest for the Orb.
     0 | D:1      | Reached XP level 1. HP: 19/19 MP: 0/0
   113 | D:1      | Reached XP level 2. HP: 12/26 MP: 1/1
   917 | D:1      | Found a faded altar of an unknown god.
   949 | D:1      | Reached XP level 3. HP: 30/31 MP: 2/2
  1137 | D:2      | Reached skill level 4 in Unarmed Combat
  1354 | D:2      | Identified the +0 pair of boots of Verdant Tender Moments
                  | {rF- rN+++ rCorr Str-2}
  1769 | D:3      | Reached skill level 1 in Armour
  1769 | D:3      | Reached XP level 4. HP: 40/40 MP: 3/3
  2203 | D:4      | Noticed Duvessa
  2203 | D:4      | Noticed Dowan
  2219 | D:4      | Slain by Dowan

Illustrated notes

Levels and vault maps discovered:
D:1:      eino_arrival_tree_alley, layout_rooms,
          dreamdust_ecumenical_altar_angels_and_demons, serial_bayou_crossing
D:2:      layout_loops_ring
D:3:      layout_basic
D:4:      layout_cave_pods, biasface_ghost_orc_armoury, uniq_duvessa

Skill      XL: |  1  2  3 |
---------------+----------+-----
Dodging        | 3 |  3.1
Unarmed Combat | 4 |  4.8
Armour         | 1 |  1.2
Fighting       | |  3.7
Stealth        | |  2.1

Action                   |  1- 3 |  4- 6 || total
-------------------------+-------+-------++-------
Melee: Unarmed           |   133 |    42 ||   175
       Punch             |     4 |       ||     4
  Use: Scroll            |     1 |     1 ||     2
 Stab: Sleeping          |     1 |       ||     1
Armor: Leather armour    |    11 |       ||    11
       Robe              |     3 |       ||     3
       Chain mail        |    34 |       ||    34
       Ring mail         |     1 |    13 ||    14
Dodge: Dodged            |    86 |    24 ||   110
